 Dungeon Crawl Stone Soup version 0.29-a0-322-g68df515428 (webtiles) character file.

Game seed: 6435897810041001591

102 Flugkiller the Sneak (level 4, -2/46 HPs)
             Began as an Octopode Delver on Apr 6, 2022.
             Succumbed to an orc wizard's poison
             ... on level 3 of the Dungeon.
             The game lasted 00:02:20 (1731 turns).

Flugkiller the Sneak (Octopode Delver)              Turns: 1731, Time: 00:02:21

Health: -2/46      AC:  1    Str: 11    XL:     4   Next: 78%
Magic:  4/4        EV: 15    Int: 12    God:
Gold:   120        SH:  0    Dex: 15    Spells: 3/3 levels left

rFire   . . .      SeeInvis .   q - +0 short sword (elec)
rCold   . . .      Faith    .   (no shield)
rNeg    . . .      Spirit   .   (helmet restricted)
rPois   .          Reflect  .   (no amulet)
rElec   .          Harm     .   (no ring)
rCorr   .          Rampage  .   (no ring)
Will    .....                   (no ring)
Stlth   ..........              (no ring)
HPRegen 0.15/turn               (no ring)
MPRegen 0.09/turn               (no ring)
                                (no ring)
                                (no ring)

@: berserking (expiring), lethally poisoned (-2 -> -23), flying, very quick
A: almost no armour, amphibious, 8 rings, camouflage 1, gelatinous body 1,
(nimble swimmer 1), tentacles
a: no special abilities


You were on level 3 of the Dungeon.
You visited 1 branch of the dungeon, and saw 5 of its levels.

You collected 120 gold pieces.

Inventory:

Hand Weapons
 a - a +0 short sword
 q - a +0 short sword of electrocution (weapon)
   (You took it off a kobold on level 2 of the Dungeon)
 u - a +2 dagger of draining
   (You took it off Jessica on level 3 of the Dungeon)
Magical Staves
 n - a staff of conjuration
   (You found it on level 1 of the Dungeon)
Wands
 f - a wand of digging (2)
 j - a wand of mindburst (14)
   (You found it on level 2 of the Dungeon)
Scrolls
 b - a scroll of fog
 d - a scroll of amnesia {unknown}
 e - 2 scrolls of enchant weapon {unknown}
 g - a scroll of summoning {unknown}
 i - 4 scrolls of teleportation {unknown}
 m - a scroll of immolation {unknown}
 o - 2 scrolls of noise {unknown}
 s - a scroll of enchant armour {unknown}
 t - a scroll of identify {unknown}
Potions
 c - a potion of curing {unknown}
 h - a potion of haste
 k - a potion of flight
 p - a potion of degeneration {unknown}
 r - a potion of berserk rage
 w - a potion of heal wounds


   Skills:
 - Level 3.0 Fighting
 - Level 2.0 Short Blades
 + Level 4.8 Dodging
 - Level 6.6 Stealth


You had 3 spell levels left.
You didn't know any spells.
Your spell library contained the following spells:

 Spells                   Type           Power      Damage    Failure   Level
 Ensorcelled Hibernation  Hex/Ice        0%         N/A       45%         2
 Passwall                 Tmut/Erth      0%         N/A       45%         2
 Swiftness                Air            0%         N/A       69%         3


Dungeon Overview and Level Annotations

Branches:
Dungeon (5/15)
 Temple: D:4-7

Altars:

Annotations:
D:3 exclusion: phantom
D:4 Pikel


Innate Abilities, Weirdness & Mutations

You cannot wear most types of armour.
You are amphibious.
You can wear up to eight rings at the same time.
Your skin changes colour to match your surroundings (Stealth+).
Your rubbery body absorbs attacks. (AC +1, EV +1)
((You are camouflaged when in or above water. (Stealth+)))
You have tentacles for arms and can constrict up to eight enemies at once.


Message History

The rat closely misses you.
You hit the rat.
You kill the rat!
You see here a rat corpse.
The helpless Jessica fails to defend herself.
You puncture Jessica!
You kill Jessica!
You have reached level 4!
Things that are here:
a +2 dagger of draining; a +0 robe; the human corpse of Jessica
u - a +2 dagger of draining An orc and an orc wizard come into view.
The orc wizard is wielding a +0 dagger of venom.
The orc shouts!
The orc wizard shouts!
You hear a shout!
An orc wizard comes into view. It is wielding a +2 dagger of venom.
The orc moves out of view.
There are monsters nearby!
There are monsters nearby!
You barely miss the orc wizard.
The orc wizard shouts!
Your grab misses the orc wizard. Your squeeze misses the orc wizard.
You hear a shout!
The orc wizard hits you with a +0 dagger of venom.
An orc comes into view. It is wielding a +0 dagger.
You miss the orc wizard. Your grab misses the orc wizard.
The orc wizard hits you with a +0 dagger of venom.
You are poisoned.
You hit the orc wizard. Your grab misses the orc wizard.
You squeeze the orc wizard.
The orc wizard is heavily wounded.
You feel sick.
The orc wizard points at you and mumbles some strange words.
You are confused.
You bump into the rock wall.
You feel sick. The orc wizard misses you.
You are too confused!
You are too confused!
You miss the orc wizard.
The orc wizard is heavily wounded.
You feel sick.
The orc wizard hits you with a +0 dagger of venom.
You are more poisoned.
You bump into the rock wall.
You feel very sick. The orc wizard misses you.
Unknown command.
It was a potion of flight.
You feel very buoyant.
You fly up into the air.
You feel sick.
The orc wizard casts a spell.
The orc wizard flickers and vanishes!
Deactivating autopickup; reactivate with Ctrl-A.
Unknown command.
It was a potion of heal wounds.
You feel much better.
w - a potion of heal wounds You feel sick.
Something hits you.
You are more poisoned.
Unknown command.
It was a potion of berserk rage.
A red film seems to cover your vision as you go berserk!
You feel yourself moving faster!
You feel mighty!
You feel less confused.
You feel very sick.
You hear some strange, mumbled words.
Something tries to affect you, but you resist.
The orc wizard mumbles some strange words.
The orc wizard flickers and vanishes!
Unknown command.
You barely miss something. Your squeeze misses something.
You feel sick. Something hits you.
You are more poisoned.
You miss something. You squeeze something.
You feel very sick.
You puncture something!
Reactivating autopickup.
You feel a bit more experienced.
You feel sick.
You barely miss the orc. You grab the orc. You constrict the orc.
You feel sick. The orc closely misses you.
You puncture the orc!
You kill the orc!
You feel sick.
You feel sick. Something hits you.
You are more poisoned.
Deactivating autopickup; reactivate with Ctrl-A.
Items here: )) [ ††.
You hit something.
You feel sick. Something hits you.
* * * LOW HITPOINT WARNING * * *
You are lethally poisoned!
You miss something. Your squeeze misses something.
* * * LOW HITPOINT WARNING * * *
You feel very sick.
You miss something. Your squeeze misses something.
* * * LOW HITPOINT WARNING * * *
You feel very sick. Something hits you.
* * * LOW HITPOINT WARNING * * *
Unknown command.
You are too berserk!
Unknown command.
You miss something. Your squeeze misses something.
You die...

#...#####........... #...#
#........... #####
#..####..... #..#<..<....
### #........... ..#
##.......... # #o#
##......... #..#####{#
##.......... #......#@#
##...........
##.####[#.###............
..........##..............
##.####†####..............
#........................
#.......#####............
#.......####'#...........
#.......##...............
#........#.....#.........


You could see an orc.

Vanquished Creatures
  Jessica (D:3)
  An orc wizard (D:3)
  An adder (D:3)
  A dart slug (D:1)
  An orc (D:3)
  6 ball pythons
  5 endoplasms
  A giant cockroach (D:1)
  4 goblins
  5 hobgoblins
  4 kobolds
  A quokka (D:1)
  A bat (D:1)
  A frilled lizard (D:1)
  4 rats
37 creatures vanquished.

Notes
Turn   | Place    | Note
-------+----------+-------------------------------------------
     0 | D:5      | Flugkiller the Octopode Delver began the quest for the Orb.
     0 | D:5      | Reached XP level 1. HP: 16/16 MP: 1/1
    48 | D:4      | Noticed a necrophage
    56 | D:4      | Noticed a lemure
    56 | D:4      | Noticed a lemure
    57 | D:4      | Noticed a lemure
    70 | D:4      | Noticed Pikel
   481 | D:2      | Reached XP level 2. HP: 21/21 MP: 2/2
   761 | D:1      | Reached XP level 3. HP: 26/26 MP: 3/3
  1630 | D:3      | Noticed a phantom
  1703 | D:3      | Noticed Jessica
  1708 | D:3      | Killed Jessica
  1709 | D:3      | Reached XP level 4. HP: 31/31 MP: 4/4
  1730 | D:3      | HP: 1/46 [something (5)]
  1731 | D:3      | Succumbed to an orc wizard's poison

Illustrated notes

Levels and vault maps discovered:
D:1:      co_arrival_random_square_maze, layout_rooms
D:2:      layout_basic
D:3:      layout_basic, basic_ecumenical_altar, serial_rivers,
          chequers_serial_rivers_room_a, chequers_serial_rivers_small_3,
          chequers_serial_rivers_room_b, chequers_serial_rivers_large_b,
          chequers_serial_rivers_micro_c, chequers_serial_rivers_marsh,
          uniq_ijyb, uniq_jessica, uniq_sigmund
D:4:      gammafunk_wand_slinger, layout_gridville, uniq_pikel, uniq_menkaure,
          uniq_blork_the_orc
D:5:      layout_rooms, mainiacjoe_overflow_alcove_2, palyth_stone_intersect,
          serial_bayou_ford_a, lightli_church_of_beogh

Skill      XL: |  1  2  3 |
---------------+----------+-----
Dodging        | 3 4 |  4.8
Fighting       | |  3.0
Short Blades   | |  2.0
Stealth        | |  6.6

Action                   |  1- 3 |  4- 6 || total
-------------------------+-------+-------++-------
Melee: Short sword       |    47 |    13 ||    60
       Constrict         |     9 |     1 ||    10
       Tentacles         |     7 |     2 ||     9
Evoke: Wand              |     1 |       ||     1
  Use: Scroll            |     2 |       ||     2
       Potion            |       |     3 ||     3
 Stab: Sleeping          |    21 |       ||    21
Dodge: Dodged            |    10 |     3 ||    13

Table legend: (Time is in decaauts)
 A = Elapsed time spent in this place.
 B = Non-inter-level travel time spent in this place.
 C = Inter-level travel time spent in this place.
 D = Time resting spent in this place.
 E = Time spent auto-exploring this place.
 F = Levels seen in this place.
 G = Mean time per level.
                   A        B        C        D        E       F      G
               +--------+--------+--------+--------+--------+-----+--------+
         Total |   1727 |   1660 |     67 |    201 |   1059 |   5 |  345.4 |
       Dungeon |   1727 |   1660 |     67 |    201 |   1059 |   5 |  345.4 |
               +--------+--------+--------+--------+--------+-----+--------+

Top non-repeatable levels by time:
     D:2: 657 daAuts
     D:1: 557 daAuts
     D:3: 414 daAuts
     D:4: 88 daAuts
     D:5: 9 daAuts
